cohdb
Replays
Latest Replays
All Replays
Popular Replays
Top Player Replays
Match Explorer
How It Works
Community
CoH3 Stats
Reddit
Sign in to upload your games and track your stats! →
Sign in with Steam
Match 39349232
Unlisted
Match 39349232
Overview
Messages
Build Orders
End
Kradschützen Motorcycle Team
Panzerpioneer Squad
250 Light Carrier
250 Light Carrier
Construct Light Support Kompanie
Panzerpioneer Squad
Combat Half-tracks
Construct Mechanized Kompanie
8 Rad Armored Car
Selects Italian Infantry
Selects Guastatori Squad
Guastatori Squad
Selects Registered Artillery
Vehicle Survival Package
254 Reconnaissance Tractor
Support Armor Elements
DeGustatorXD
UH|dun! ツ
R
Tixi
BadNewsBeavers
RockingRuler
0
0
Comments
sign in to comment!
No comments posted yet!